 Dungeon Crawl Stone Soup version 0.23.1 (webtiles) character file.

Game seed: 9656554324246353014

15425 Chiseanne the Cruncher (level 12, -5/94 HPs)
             Began as a Gnoll Wanderer on Mar 7, 2019.
             Was an Initiate of Gozag.
             Slain by a skeletal warrior
             ... wielding a +0 trident
              (17 damage)
             ... on level 12 of the Dungeon.
             The game lasted 00:29:51 (13454 turns).

Chiseanne the Cruncher (Gnoll Wanderer)            Turns: 13454, Time: 00:29:51

Health: -5/94      AC: 20    Str: 23    XL:     12   Next: 26%
Magic:  22/22      EV: 11    Int: 15    God:    Gozag
Gold:   996        SH:  0    Dex: 17    Spells: 25/25 levels left

rFire    . . .     SeeInvis .   a - +4 quarterstaff (chaos)
rCold    + . .     Gourm    .   (shield currently unavailable)
rNeg     . . .     Faith    .   I - +3 plate armour {rC+}
rPois    +         Spirit   .   (no helmet)
rElec    .         Reflect  .   D - +0 cloak {rPois}
rCorr    +         Harm     .   (no gloves)
MR       .....                  l - +2 pair of boots
Stlth    ..........             (no amulet)
HPRegen  0.25/turn              M - ring of resist corrosion
MPRegen  0.18/turn              v - +6 ring of strength

@: no status effects
A: distributed training, fangs 1, strong nose
a: Potion Petition, Call Merchant, Bribe Branch, Renounce Religion


You were on level 12 of the Dungeon.
You worshipped Gozag.
Gozag was pleased with you.
You were not hungry.

You visited 2 branches of the dungeon, and saw 13 of its levels.

You collected 2549 gold pieces.
You spent 520 gold pieces at shops.
You paid 1033 gold pieces to Gozag.

Inventory:

Hand Weapons
 a - a +4 quarterstaff of chaos (weapon)
 z - a +0 blowgun
Missiles
 e - 234 stones (quivered)
 h - 304 arrows
 i - 4 needles of confusion
 n - 27 poisoned needles
 o - 75 bolts
 r - 6 javelins
 u - 64 sling bullets
 C - 9 tomahawks
 E - a throwing net
 L - 7 needles of frenzy
Armour
 l - a +2 pair of boots (worn)
 A - a scarf of repulsion
 D - a +0 cloak of poison resistance (worn)
 I - a +3 plate armour of cold resistance (worn)
Jewellery
 v - a +6 ring of strength (right hand)
 y - an uncursed ring of protection from cold
 M - a ring of resist corrosion (left hand)
Wands
 c - a wand of random effects (22)
 p - a wand of scattershot (3)
 x - a wand of paralysis (2)
 B - a wand of iceblast (16)
Scrolls
 d - 2 scrolls of blinking
 j - 7 scrolls of teleportation
 k - 2 scrolls of identify
 q - 2 scrolls of magic mapping
 s - a scroll of fog
 t - 2 scrolls of enchant armour
 w - 4 scrolls of remove curse
Potions
 b - 3 potions of curing
 g - 2 potions of heal wounds
 m - a potion of cancellation
 F - a potion of brilliance
 G - a potion of lignification
 H - a potion of flight
 J - a potion of mutation
 K - a potion of agility {unknown}
 N - 2 potions of magic {unknown}
 O - a potion of degeneration {unknown}
Comestibles
 f - 3 rations


   Skills:
 + Level 8.4 Fighting
 + Level 7.0 Short Blades
 + Level 7.0 Long Blades
 + Level 7.0 Axes
 + Level 7.0 Maces & Flails
 + Level 7.0 Polearms
 + Level 10.9 Staves
 + Level 7.0 Slings
 + Level 7.0 Bows
 + Level 7.0 Crossbows
 + Level 7.0 Throwing
 + Level 7.0 Armour
 + Level 7.5 Dodging
 + Level 7.4 Stealth
 + Level 7.0 Shields
 + Level 7.0 Unarmed Combat
 + Level 7.0 Spellcasting
 + Level 5.8 Conjurations
 + Level 5.8 Hexes
 + Level 5.8 Charms
 + Level 5.8 Summonings
 + Level 5.8 Necromancy
 + Level 5.8 Translocations
 + Level 5.8 Transmutations
 + Level 5.8 Fire Magic
 + Level 5.8 Ice Magic
 + Level 5.8 Air Magic
 + Level 5.8 Earth Magic
 + Level 5.8 Poison Magic
 + Level 7.7 Invocations
 + Level 8.4 Evocations


You had 25 spell levels left.
You didn't know any spells.
Your spell library contained the following spells:

 Spells                   Type           Power        Failure   Level  Hunger
 Magic Dart               Conj           ###.         19%         1    None
 Summon Small Mammal      Summ           ###.         19%         1    None
 Call Imp                 Summ           ###.....     26%         2    None
 Searing Ray              Conj           ###...       26%         2    None
 Call Canine Familiar     Summ           ###.....     47%         3    ##.....
 Dazzling Spray           Conj/Hex       ###...       47%         3    ##.....
 Recall                   Summ/Tloc      N/A          47%         3    ##.....
 Summon Guardian Golem    Hex/Summ       ###.....     47%         3    ##.....
 Animate Dead             Necr           N/A          87%         4    ####...
 Force Lance              Conj/Tloc      ###.....     87%         4    ####...
 Fulminant Prism          Conj/Hex       ###.......   87%         4    ####...
 Iskenderun's Mystic Bla  Conj           ###.....     87%         4    ####...
 Summon Ice Beast         Ice/Summ       ###.....     87%         4    ####...
 Summon Lightning Spire   Summ/Air       ###.....     87%         4    ####...
 Borgnjor's Vile Clutch   Necr/Erth      ###.......   99%         5    #####..
 Death Channel            Necr           ###.......   100%        6    #######
 Simulacrum               Ice/Necr       ###.......   100%        6    #######


Dungeon Overview and Level Annotations

Branches:
Dungeon (12/15)            Temple (1/1) D:4            Lair (0/6) D:8
    Orc (0/2) D:10

Altars:
Cheibriados
Elyvilon
Fedhas
Gozag
Hepliaklqana
Kikubaaqudgha
Makhleb
Nemelex Xobeh
Qazlal
Ru
Sif Muna
Vehumet
Wu Jian
Xom
Yredelemnul
Zin
The Shining One

Shops:
D:8 (   D:9 (   D:10 *


Innate Abilities, Weirdness & Mutations

Your experience applies equally to all skills.
You have very sharp teeth.
Your uncanny sense of smell can sniff out nearby items.


Message History

The skeletal warrior completely misses you.
You hit the skeletal warrior.
The skeletal warrior is moderately damaged.
The skeletal warrior hits you with a +0 trident!
You hit the skeletal warrior.
The skeletal warrior flickers and vanishes!
Deactivating autopickup; reactivate with Ctrl-A.
Something hits you but does no damage.
You sock something! You miss something. Something hits you! Something hits you.
You hit something but do no damage.
Nothing appears to happen.
You hit something but do no damage. Something hits you but does no damage.
Something hits you! Something hits you!
* * * LOW HITPOINT WARNING * * *
Something hits you!
* * * LOW HITPOINT WARNING * * *
Something hits you but does no damage. Something hits you!
You die...
Your body crumbles into a pile of gold.

.....#.....#..####.####..##..#..
##...#..........................
..............####.###.(.#####.
##..##.###.#...# #...#
....##.###.#.#.# #..## #.. ..
...)##.#.......###+###..# #.##.#
....##+#.#.#.#.{.....#..# #.##.#
...>.....#.#.#..........# #.##.#
...#.......#.#..@.....<.# #....#
.........###.#..........# ##.##.#
###..§...###......<.##..###......
#.§..................).........
###.#########..####.#######..#..#
.................................
###.#########.......#######.....#
#.# #...##..#######.....# #.#
#...[.........#......


There were no monsters in sight!

Vanquished Creatures
  A two-headed ogre (D:8)
  Nergalle (D:11)
  2 skeletal warriors
  Pikel (D:8)
  2 manticores (D:11)
  A cyclops (D:11)
  Psyche (D:8)
  A torpor snail (shapeshifter) (D:10)
  A komodo dragon (D:12)
  2 trolls (D:11)
  A hornet (D:9)
  4 hippogriffs
  Sigmund (D:4)
  6 yaks (D:11)
  A shadow (D:12)
  4 wyverns
  Grum (D:11)
  Edmund (D:6)
  3 hungry ghosts
  5 orc warriors
  2 eyes of draining (D:9)
  3 ice beasts
  2 sky beasts
  2 slaves (D:8)
  A necrophage (D:11)
  3 phantoms
  4 ogres
  3 boggarts (D:11)
  4 wolves (D:11)
  6 centaurs
  2 crocodiles
  2 big kobolds
  6 bullfrogs
  2 scorpions
  11 killer bees
  5 wights (D:8)
  3 howler monkeys
  3 electric eels (D:9)
  3 crimson imps
  A bullfrog zombie (D:12)
  3 hounds
  A quasit (D:8)
  3 bullfrog skeletons
  11 orc priests
  3 gnoll shamans
  6 jellies
  2 centaur skeletons
  Crazy Yiuf (D:7)
  15 orc wizards
  6 worker ants
  5 iguanas
  2 hound zombies
  4 hound skeletons
  A worker ant zombie (D:10)
  14 gnolls
  A howler monkey skeleton (D:8)
  9 adders
  A shadow imp (D:8)
  6 oozes
  3 adder skeletons
  4 worms
  3 dart slugs
  9 leopard geckos
  50 orcs
  6 giant cockroaches
  8 goblins
  12 hobgoblins
  8 jackals
  6 quokkas
  12 bats
  3 frilled lizards
  16 kobolds
  A leopard gecko zombie (D:6)
  8 rats
351 creatures vanquished.

Vanquished Creatures (others)
  A hound (D:12)
1 creature vanquished.

Grand Total: 352 creatures vanquished

Notes
Turn   | Place    | Note
-------+----------+-------------------------------------------
     0 | D:1      | Chiseanne the Gnoll Wanderer began the quest for the Orb.
     0 | D:1      | Chiseanne set off with the following items: a +2
                  | quarterstaff, a potion of curing, a wand of random effects
                  | (15), a +0 robe, a ration
     0 | D:1      | Reached XP level 1. HP: 20/20 MP: 3/3
   134 | D:1      | Reached XP level 2. HP: 26/26 MP: 5/5
   492 | D:2      | Reached XP level 3. HP: 31/31 MP: 6/6
   839 | D:2      | Found a burning altar of Makhleb.
   839 | D:2      | Found a shimmering altar of Xom.
   843 | D:2      | Reached skill level 1 in Invocations
  1126 | D:2      | Reached skill level 1 in Short Blades
  1126 | D:2      | Reached skill level 1 in Long Blades
  1126 | D:2      | Reached skill level 1 in Axes
  1126 | D:2      | Reached skill level 1 in Maces & Flails
  1126 | D:2      | Reached skill level 1 in Polearms
  1126 | D:2      | Reached skill level 1 in Slings
  1126 | D:2      | Reached skill level 1 in Bows
  1126 | D:2      | Reached skill level 1 in Crossbows
  1126 | D:2      | Reached skill level 1 in Throwing
  1126 | D:2      | Reached skill level 1 in Armour
  1126 | D:2      | Reached skill level 1 in Shields
  1126 | D:2      | Reached skill level 1 in Unarmed Combat
  1126 | D:2      | Reached skill level 1 in Spellcasting
  1199 | D:2      | Reached XP level 4. HP: 36/38 MP: 7/7
  1305 | D:3      | Reached skill level 1 in Conjurations
  1305 | D:3      | Reached skill level 1 in Hexes
  1305 | D:3      | Reached skill level 1 in Charms
  1305 | D:3      | Reached skill level 1 in Summonings
  1305 | D:3      | Reached skill level 1 in Necromancy
  1305 | D:3      | Reached skill level 1 in Translocations
  1305 | D:3      | Reached skill level 1 in Transmutations
  1305 | D:3      | Reached skill level 1 in Fire Magic
  1305 | D:3      | Reached skill level 1 in Ice Magic
  1305 | D:3      | Reached skill level 1 in Air Magic
  1305 | D:3      | Reached skill level 1 in Earth Magic
  1305 | D:3      | Reached skill level 1 in Poison Magic
  1595 | D:3      | Reached XP level 5. HP: 16/43 MP: 8/8
  2248 | D:3      | Reached XP level 6. HP: 46/50 MP: 9/9
  2551 | D:4      | Reached skill level 5 in Fighting
  2551 | D:4      | Reached skill level 5 in Evocations
  2564 | D:4      | Reached XP level 7. HP: 24/56 MP: 10/10
  2786 | D:4      | Noticed Sigmund
  2799 | D:5      | Entered Level 5 of the Dungeon
  2958 | D:4      | Killed Sigmund
  3000 | D:4      | Found a staircase to the Ecumenical Temple.
  3020 | Temple   | Entered the Ecumenical Temple
  3046 | Temple   | Became a worshipper of Gozag Ym Sagoz the Greedy
  3142 | D:4      | Reached skill level 9 in Staves
  3351 | D:4      | Reached XP level 8. HP: 48/63 MP: 12/12
  4481 | D:5      | Found a hazy altar of Hepliaklqana.
  4905 | D:6      | Noticed Edmund
  4934 | D:6      | Killed Edmund
  5134 | D:6      | Reached XP level 9. HP: 65/69 MP: 14/14
  6008 | D:7      | Found a runed translucent door.
  6009 | D:7      | Noticed Crazy Yiuf
  6018 | D:7      | Killed Crazy Yiuf
  6201 | D:7      | Reached skill level 5 in Dodging
  6303 | D:7      | Found a glowing golden altar of the Shining One.
  6335 | D:7      | Reached skill level 5 in Stealth
  6526 | D:7      | Found a sacrificial altar of Ru.
  6923 | D:8      | Reached skill level 5 in Invocations
  7310 | D:8      | Noticed Psyche
  7334 | D:8      | Reached XP level 10. HP: 67/77 MP: 17/17
  7341 | D:8      | Noticed Pikel
  7358 | D:8      | Killed Psyche
  7369 | D:8      | Killed Pikel
  7369 | D:8      | Reached skill level 5 in Short Blades
  7369 | D:8      | Reached skill level 5 in Long Blades
  7369 | D:8      | Reached skill level 5 in Axes
  7369 | D:8      | Reached skill level 5 in Maces & Flails
  7369 | D:8      | Reached skill level 5 in Polearms
  7369 | D:8      | Reached skill level 5 in Slings
  7369 | D:8      | Reached skill level 5 in Bows
  7369 | D:8      | Reached skill level 5 in Crossbows
  7369 | D:8      | Reached skill level 5 in Throwing
  7369 | D:8      | Reached skill level 5 in Armour
  7369 | D:8      | Reached skill level 5 in Shields
  7369 | D:8      | Reached skill level 5 in Unarmed Combat
  7369 | D:8      | Reached skill level 5 in Spellcasting
  7825 | D:8      | Reached skill level 10 in Staves
  8043 | D:8      | Noticed a two-headed ogre
  8051 | D:8      | Killed a two-headed ogre
  8075 | D:8      | Found a staircase to the Lair.
  8182 | D:8      | Found a glowing golden altar of the Shining One.
  8199 | D:8      | Found an ornate altar of the Wu Jian Council.
  8199 | D:8      | Found a stormy altar of Qazlal.
  8638 | D:9      | Found Cuiqi's Weapon Shoppe.
  9290 | D:9      | Reached XP level 11. HP: 78/84 MP: 12/19
  9690 | D:10     | Entered Level 10 of the Dungeon
  9878 | D:10     | Found a staircase to the Orcish Mines.
 10216 | D:10     | Noticed a glowing shapeshifter
 10216 | D:10     | a worker ant changed into a glowing shapeshifter
 10216 | D:10     | Noticed an anaconda
 10216 | D:10     | a glowing shapeshifter changed into an anaconda
 10222 | D:10     | an anaconda changed into a torpor snail
 10541 | D:10     | Bought a potion of brilliance for 40 gold pieces
 10541 | D:10     | Bought a +3 plate armour of cold resistance for 450 gold
                  | pieces
 10541 | D:10     | Bought a potion of curing for 30 gold pieces
 10873 | D:10     | Reached skill level 5 in Conjurations
 10873 | D:10     | Reached skill level 5 in Hexes
 10873 | D:10     | Reached skill level 5 in Charms
 10873 | D:10     | Reached skill level 5 in Summonings
 10873 | D:10     | Reached skill level 5 in Necromancy
 10873 | D:10     | Reached skill level 5 in Translocations
 10873 | D:10     | Reached skill level 5 in Transmutations
 10873 | D:10     | Reached skill level 5 in Fire Magic
 10873 | D:10     | Reached skill level 5 in Ice Magic
 10873 | D:10     | Reached skill level 5 in Air Magic
 10873 | D:10     | Reached skill level 5 in Earth Magic
 10873 | D:10     | Reached skill level 5 in Poison Magic
 10958 | D:11     | Noticed Nergalle
 10968 | D:11     | Killed Nergalle
 11359 | D:11     | Noticed a manticore
 11373 | D:11     | Killed a manticore
 11597 | D:11     | Noticed a manticore
 11611 | D:11     | Killed a manticore
 11774 | D:11     | Noticed Grum
 11800 | D:11     | Killed Grum
 12352 | D:11     | Noticed a cyclops
 12371 | D:11     | Killed a cyclops
 12593 | D:12     | Reached XP level 12. HP: 87/93 MP: 22/22
 13454 | D:12     | Slain by a skeletal warrior

Skill      XL: |  1  2  3  4  5  6  7  8  9 10 11 12 |
---------------+-------------------------------------+-----
Invocations    | 1 2 3 4 5 6 7 |  7.7
Short Blades   | 1 2 3 4 5 6 7 |  7.0
Long Blades    | 1 2 3 4 5 6 7 |  7.0
Axes           | 1 2 3 4 5 6 7 |  7.0
Maces & Flails | 1 2 3 4 5 6 7 |  7.0
Polearms       | 1 2 3 4 5 6 7 |  7.0
Slings         | 1 2 3 4 5 6 7 |  7.0
Bows           | 1 2 3 4 5 6 7 |  7.0
Crossbows      | 1 2 3 4 5 6 7 |  7.0
Throwing       | 1 2 3 4 5 6 7 |  7.0
Armour         | 1 2 3 4 5 6 7 |  7.0
Shields        | 1 2 3 4 5 6 7 |  7.0
Unarmed Combat | 1 2 3 4 5 6 7 |  7.0
Spellcasting   | 1 2 3 4 5 6 7 |  7.0
Conjurations   | 1 2 3 4 5 |  5.8
Hexes          | 1 2 3 4 5 |  5.8
Charms         | 1 2 3 4 5 |  5.8
Summonings     | 1 2 3 4 5 |  5.8
Necromancy     | 1 2 3 4 5 |  5.8
Translocations | 1 2 3 4 5 |  5.8
Transmutations | 1 2 3 4 5 |  5.8
Fire Magic     | 1 2 3 4 5 |  5.8
Ice Magic      | 1 2 3 4 5 |  5.8
Air Magic      | 1 2 3 4 5 |  5.8
Earth Magic    | 1 2 3 4 5 |  5.8
Poison Magic   | 1 2 3 4 5 |  5.8
Dodging        | 3 4 5 6 7 |  7.5
Stealth        | 3 4 5 6 7 |  7.4
Fighting       | 5 6 7 8 |  8.4
Evocations     | 5 6 7 8 |  8.4
Staves         | 9 10 | 10.9

Action                   |  1- 3 |  4- 6 |  7- 9 | 10-12 || total
-------------------------+-------+-------+-------+-------++-------
Melee: Quarterstaff      |    79 |   127 |   395 |   584 ||  1185
       Bite              |     8 |     8 |    48 |    93 ||   157
Throw: Stone             |       |       |       |     8 ||     8
Invok: Call Merchant     |       |       |       |     2 ||     2
Evoke: Wand              |       |       |     1 |    15 ||    16
  Use: Scroll            |     2 |     4 |     9 |     4 ||    19
       Potion            |       |       |     2 |     1 ||     3
 Stab: Sleeping          |     7 |       |     4 |     1 ||    12
       Confused          |       |       |     2 |     3 ||     5
       Distracted        |       |       |     3 |     5 ||     8
       Paralysed         |       |       |     1 |     6 ||     7
       Petrifying        |       |       |       |     1 ||     1
  Eat: Chunk             |     1 |     4 |     3 |       ||     8
       Ration            |       |       |     5 |     7 ||    12
Armor: Robe              |    15 |     4 |       |       ||    19
       Scale mail        |       |    65 |   164 |   102 ||   331
       Plate armour      |       |       |       |   159 ||   159
Dodge: Dodged            |    52 |    85 |   205 |   271 ||   613
